 Dungeon Crawl Stone Soup version 0.21-a0-94-gdd6ab6a (webtiles) character file.

1689 4thArraOfDagon the Carver (level 9, 0/79 (81) HPs)
             Began as a Halfling Hunter on July 3, 2017.
             Was a Believer of Trog.
             Slain by a hornet (7 damage)
             ... on level 9 of the Dungeon.
             The game lasted 00:06:58 (1230 turns).

4thArraOfDagon the Carver (Halfling Hunter)         Turns: 1230, Time: 00:06:59

HP:   0/79 (81)     AC: 16    Str: 18    XL:     9   Next: 22%
MP:   9/9           EV: 14    Int: 12    God:    Trog [**....]
Gold: 168           SH:  4    Dex: 15    Spells: 8/8 levels left

rFire    . . .     SeeInvis .   q - +0 long sword (protect)
rCold    + . .     Gourm    .   (shield restricted)
rNeg     . . .     Faith    .   e - +0 ring mail
rPois    .         Spirit   .   h - +0 helmet
rElec    .         Reflect  +   (no cloak)
rCorr    .         Harm     .   (no gloves)
MR       .....                  (no boots)
Stlth    ..........             j - +4 amulet of reflection
HPRegen  0.23/turn              p - ring of protection from cold
MPRegen  0.11/turn              r - +3 ring of protection

@: berserking (expiring), lethally poisoned (0 -> -23), protection aura, slowed
A: mutation resistance 1
a: Berserk, Trog's Hand, Burn Spellbooks, Renounce Religion


You were on level 9 of the Dungeon.
You worshipped Trog.
Trog was pleased with you.
You were hungry.

You visited 1 branch of the dungeon, and saw 9 of its levels.

You collected 168 gold pieces.

Inventory:

Hand Weapons
 a - a +1 hand crossbow
 b - a +0 short sword
 q - a +0 long sword of protection (weapon)
Missiles
 d - 58 bolts
Armour
 c - a +0 leather armour
 e - a +0 ring mail (worn)
 h - a +0 helmet (worn)
 k - a +0 pair of gloves
Jewellery
 j - a +4 amulet of reflection (around neck)
 p - a ring of protection from cold (left hand)
 r - a +3 ring of protection (right hand)
Wands
 n - a wand of digging (22/24)
Scrolls
 g - 2 scrolls of enchant armour {unknown}
 i - a scroll of magic mapping {unknown}
 l - a scroll of immolation {unknown}
 m - 4 scrolls of teleportation {unknown}
 t - a scroll of identify {unknown}
Comestibles
 f - 2 bread rations
 o - 8 chunks of flesh
 s - a meat ration


   Skills:
 - Level 1.7 Fighting
 * Level 9.8 Long Blades
 * Level 7.1 Crossbows
 - Level 2.1 Dodging
 - Level 1.1 Stealth


You had 8 spell levels left.
You didn't know any spells.

Dungeon Overview and Level Annotations

Branches:
Dungeon (9/15)
 Temple: D:4-7         Lair: D:8-11         Orc: D:9-12

Altars:
Cheibriados
Nemelex Xobeh
Ru
Trog
The Shining One

Annotations:
D:2 Sigmund
D:9 Gastronok


Innate Abilities, Weirdness & Mutations

You are small and have problems with some larger weapons.
You are somewhat resistant to further mutation.


Message History

* * * LOW HITPOINT WARNING * * *
You feel sick. The hornet stings you.
* * * LOW HITPOINT WARNING * * *
You are more poisoned.
You feel as though you will be slow longer.
You can move again.
You slash the hornet!
Your weapon exudes an aura of protection.
The hornet is moderately wounded.
* * * LOW HITPOINT WARNING * * *
You feel very sick. The hornet barely misses you.
You riposte.
You slash the hornet!
The hornet is heavily wounded.
You slash the hornet!
The hornet is almost dead.
* * * LOW HITPOINT WARNING * * *
You feel sick.
The hornet stings you but does no damage.
The hornet stings you!
You die...

#.# #.# #.# #.# ###.#
#.# ###.#.# #.# #
....#.# #.# .# )##.#.#
#.# ..#
.##.#.###.########...#
................@y..(+
.##....##.########...+
.#...#.##.# .....
.#...#.##.# ....
##........# ...
.#.....#### ..
.#)....# # o#.....# ..


You could see a hornet.

Vanquished Creatures
  A two-headed ogre (D:9)
  The ghost of 4thArraOfDagon the Grappler, a novice VSEn of Wu Jian (D:8)
  A wyvern (D:9)
  A necrophage (D:7)
  A bullfrog (D:9)
  A scorpion (D:9)
  A bullfrog zombie (D:9)
  A centaur zombie (D:7)
  2 hounds
  An orc wizard (D:3)
  An iguana (D:9)
  A worker ant (D:8)
  Robin (D:2)
  4 adders
  An adder zombie (D:9)
  2 worms (D:2)
  A dart slug (D:2)
  2 leopard geckos
  4 orcs
  10 goblins (D:2)
  4 hobgoblins (D:2)
  4 jackals
  3 kobolds (D:2)
  A quokka (D:3)
  2 bats (D:2)
  A frilled lizard (D:2)
  A goblin skeleton (D:4)
54 creatures vanquished.

Notes
Turn   | Place    | Note
-------+----------+-------------------------------------------
     0 | D:1      | 4thArraOfDagon the Halfling Hunter began the quest for the Orb.
     0 | D:1      | Reached XP level 1. HP: 14/14 MP: 1/1
    55 | D:2      | Found a faded altar of an unknown god.
    87 | D:2      | Reached XP level 2. HP: 15/19 MP: 2/2
    99 | D:2      | Became a worshipper of Trog the Wrathful
    99 | D:2      | Reached * piety under Trog
   101 | D:2      | :/
   119 | D:2      | Reached skill level 5 in Crossbows
   153 | D:2      | Reached XP level 3. HP: 19/24 MP: 3/3
   192 | D:2      | Noticed Robin
   194 | D:2      | Noticed Sigmund
   246 | D:2      | Killed Robin
   246 | D:2      | Reached XP level 4. HP: 4/29 MP: 4/4
   288 | D:2      | Found a snail-covered altar of Cheibriados.
   308 | D:2      | Found a sparkling altar of Nemelex Xobeh.
   344 | D:2      | Reached ** piety under Trog
   421 | D:3      | Found a sacrificial altar of Ru.
   427 | D:3      | Reached XP level 5. HP: 21/34 MP: 5/5
   548 | D:4      | Found a glowing golden altar of the Shining One.
   592 | D:5      | Entered Level 5 of the Dungeon
   693 | D:7      | Noticed a necrophage
   706 | D:7      | Killed a necrophage
   706 | D:7      | Reached skill level 2 in Long Blades
   706 | D:7      | Reached XP level 6. HP: 32/38 MP: 6/6
   716 | D:7      | Reached skill level 3 in Long Blades
   745 | D:7      | Noticed a slave
   746 | D:7      | Noticed a slave
   746 | D:7      | Noticed a slave
   803 | D:8      | Noticed 4thArraOfDagon's ghost (novice VSEn)
   831 | D:8      | Killed 4thArraOfDagon's ghost
   831 | D:8      | Reached skill level 6 in Long Blades
   831 | D:8      | Reached XP level 7. HP: 14/43 MP: 7/7
   882 | D:9      | Reached XP level 8. HP: 11/48 MP: 8/8
   894 | D:9      | Noticed a two-headed ogre
  1004 | D:9      | Reached skill level 7 in Long Blades
  1023 | D:9      | Noticed a wyvern
  1036 | D:9      | Killed a wyvern
  1071 | D:9      | Noticed Gastronok
  1072 | D:9      | Noticed a troll
  1126 | D:9      | Killed a two-headed ogre
  1126 | D:9      | Reached skill level 9 in Long Blades
  1126 | D:9      | Reached XP level 9. HP: 51/53 MP: 9/9
  1219 | D:9      | Noticed a hornet
  1225 | D:9      | Paralysed by a hornet for 3 turns
  1230 | D:9      | Slain by a hornet

Vault maps used:
D:1:      minmay_arrival_four_houses
D:2:      grunt_temple_overflow_open, chequers_ecumenical_altar_simple,
          uniq_sigmund, uniq_robin
D:3:      nicolae_ru_great_annihilating_truth
D:4:      eat_drink_and_be_merry_uskayaw, nicolae_tso_besieged_by_evil
D:5:      gammafunk_temple_overflow_pools, minmay_temple_entry_nine_rooms,
          first_bread, serial_shops, shop, minmay_misc_feat_square,
          kennysheep_generic_room_5, uniq_eustachio
D:6:      hangedman_decor_riveting
D:7:      zin_treasury, grunt_ogre_cave, uniq_pikel
D:8:      lemuel_round_altar, old_standard_altar, nrook_uturn
D:9:      uniq_gastronok

Skill      XL: |  1  2  3  4  5  6  7  8 |
---------------+-------------------------+-----
Crossbows      | 5 6 7 |  7.1
Long Blades    | 2 6 9 |  9.8
Fighting       | |  1.7
Dodging        | |  2.1
Stealth        | |  1.1

Action                   |  1- 3 |  4- 6 |  7- 9 || total
-------------------------+-------+-------+-------++-------
Melee: Short sword       |    23 |       |       ||    23
       Long sword        |       |    24 |    54 ||    78
 Fire: Hand crossbow     |    56 |    69 |    28 ||   153
Invok: Trog's Hand       |       |       |     3 ||     3
       Berserk           |       |       |     2 ||     2
  Use: Potion            |     1 |     2 |       ||     3
  Eat: Royal jelly       |       |       |     1 ||     1
       Chunk             |       |       |     1 ||     1
Armor: Ring mail         |    21 |    24 |    18 ||    63
Dodge: Dodged            |    62 |    64 |    40 ||   166
Block: Other             |     8 |    15 |    12 ||    35
       Rpst.: Long sword |       |    10 |     6 ||    16
